 Dungeon Crawl Stone Soup version 0.30.0-10-gfe55d96785 (webtiles) character file.

Game seed: 13004302556394643363

4378 garrulousMonolith the Slasher (level 10, -1/79 HPs)
             Began as a Demonspawn Gladiator on May 14, 2023.
             Was a Believer of Qazlal.
             Slain by a death yak (14 damage)
             ... on level 8 of the Dungeon.
             The game lasted 00:12:52 (7188 turns).

garrulousMonolith the Slasher (DsGl)                Turns: 7188, Time: 00:12:52

Health: -1/79      AC: 15    Str: 17    XL:     10   Next: 13%
Magic:  13/13      EV: 15    Int:  9    God:    Qazlal [**....]
Gold:   278        SH: 16    Dex: 23    Spells: 9/9 levels left

rFire   + . .        a - +0 scimitar
rCold   . . .        G - +0 kite shield
rNeg    . . .        C - +0 steam dragon scales
rPois   .            c - +0 helmet
rElec   .            B - +0 cloak
rCorr   .            k - +0 pair of gloves
SInv    .            q - +0 pair of boots
Will    .....        x - amulet of regeneration
Stlth   ++           y - +6 ring of dexterity
HPRegen 1.13/turn    d - ring of protection from fire
MPRegen 0.13/turn

%: no passive effects
@: no status effects
A: claws 1, rugged brown scales 1, icemail 1, condensation shield, demonic magic
2
a: Renounce Religion, Upheaval


You were on level 8 of the Dungeon.
You worshipped Qazlal.
Qazlal was pleased with you.
You visited 2 branches of the dungeon, and saw 9 of its levels.

You collected 278 gold pieces.

Inventory:

Hand Weapons
 a - a +0 scimitar (weapon)
Missiles
 e - a javelin
 i - 10 boomerangs
 m - 37 poisoned darts (quivered)
 n - 2 throwing nets
Armour
 c - a +0 helmet (worn)
 f - a +0 scale mail
 k - a +0 pair of gloves (worn)
 q - a +0 pair of boots (worn)
 B - a +0 cloak (worn)
 C - +0 steam dragon scales (worn)
 G - a +0 kite shield (worn)
Magical Staves
 t - a staff of fire
Jewellery
 d - a ring of protection from fire (right hand)
 x - an amulet of regeneration (around neck)
 y - a +6 ring of dexterity (left hand)
 J - an amulet of reflection
Wands
 o - a wand of iceblast (18)
 u - a wand of flame (35)
 A - a wand of mindburst (2)
Scrolls
 b - 3 scrolls of noise
 j - a scroll of blinking {unknown}
 p - a scroll of torment {unknown}
 r - a scroll of silence {unknown}
 s - 2 scrolls of teleportation
 v - 2 scrolls of identify
 D - 2 scrolls of immolation {unknown}
 E - a scroll of enchant armour {unknown}
 F - a scroll of brand weapon {unknown}
 H - a scroll of butterflies {unknown}
 I - a scroll of enchant weapon {unknown}
 K - a scroll of fog {unknown}
 L - a scroll of amnesia {unknown}
Potions
 g - 2 potions of cancellation
 h - 4 potions of mutation
 l - a potion of lignification
 w - a potion of magic {unknown}
 z - a potion of brilliance {unknown}
 M - 2 potions of attraction {unknown}
 N - a potion of heal wounds
 O - a potion of degeneration {unknown}


   Skills:
 + Level 6.6 Fighting
 * Level 7.9 Long Blades
 - Level 5.1 Throwing
 + Level 4.2 Armour
 + Level 6.4 Dodging
 + Level 2.2 Shields
 + Level 4.3 Invocations


You had 9 spell levels left.
You didn't know any spells.
Your spell library contained the following spells:

 Spells                   Type           Power      Damage    Failure   Level
 Ensorcelled Hibernation  Hex/Ice        0%         N/A       87%         2
 Passwall                 Tmut/Erth      0%         N/A       87%         2
 Swiftness                Air            0%         N/A       98%         3


Dungeon Overview and Level Annotations

Branches:
Dungeon (8/15)             Temple (1/1) D:6
   Lair: D:8-11

Altars:
Ashenzari
Cheibriados
Dithmenos
Fedhas
Gozag
Hepliaklqana
Kikubaaqudgha
Makhleb
Nemelex Xobeh
Okawaru
Qazlal
Uskayaw
Vehumet
Wu Jian
Xom
Yredelemnul


Innate Abilities, Weirdness & Mutations

You have sharp fingernails.
You are partially covered in rugged brown scales. (AC +1, +3% HP)
A meltable icy envelope protects you from harm. (AC +4)
A meltable shield of frost defends you. (SH +4)
Spells you cast may paralyse nearby enemies.


Message History

The bullfrog misses you.
The death yak snorts and paws the ground.
The death yak closely misses you. You block the ufetubus's attack.
The ufetubus completely misses you.
You completely miss the death yak.
The death yak is lightly wounded.
The bullfrog is engulfed in blazing flames.
You kill the bullfrog!
Qazlal accepts your kill. You block the ufetubus's attack.
The ufetubus barely misses you. You block the death yak's attack.
You slash the death yak!
The death yak is moderately wounded.
The ufetubus hits you but does no damage. x2
The ufetubus barely misses you. The ufetubus completely misses you.
The death yak gores you but does no damage.
You hit the death yak.
The death yak is moderately wounded.
You block the ufetubus's attack. x2; The death yak misses you.
The ufetubus misses you. x2
You slice the death yak!!
The death yak is severely wounded.
You block the ufetubus's attack. The ufetubus misses you.
The death yak closely misses you.
The ufetubus hits you but does no damage.
You block the ufetubus's attack.
You hit the death yak.
The death yak is severely wounded.
The ufetubus is engulfed in a thunderstorm.
You kill the ufetubus!
Qazlal accepts your kill. You block the death yak's attack.
The death yak gores you!!
You barely miss the death yak.
The death yak is severely wounded.
The death yak gores you!!
* * * LOW HITPOINT WARNING * * *
You barely miss the death yak.
The death yak is severely wounded.
The death yak gores you!
You die...

.### #.# #. #..##. ...#
#.. #. #.####..##. ##.#
#.. .. #.##.....#. #.#
#.# .# #.##.#...#. #.#
#.# .# #.......... #.#
#Y# .# #.......... #.#
#.###.#####..#.....##
#.#
####.#Y§°............##
#.#
#......@........######
#.# #.#####.######.##
#.# #.# #........# #.#
#.# ########.# #.# #.#
#.# #.#######.# #.#
#.........############.#
############...........#
#.###########


You could see a death yak.

Vanquished Creatures
  Pikel (D:4)
  A polar bear (D:8)
  A hornet (D:8)
  Sigmund (D:5)
  A wyvern (D:7)
  A vampire (D:7)
  2 steam dragons
  Edmund (D:5)
  A water moccasin (D:6)
  An orc warrior (D:8)
  3 ice beasts
  2 black bears (D:7)
  An ogre (D:7)
  2 phantoms (D:5)
  3 lemures (D:4)
  2 kobold brigands
  4 bullfrogs
  A gnoll sergeant (D:7)
  5 wights (D:7)
  A hornet simulacrum (D:8)
  5 killer bees (D:8)
  A jelly (D:7)
  4 orc priests
  3 hounds
  Crazy Yiuf (D:5)
  3 orc wizards
  2 sleepcaps
  2 iguanas
  Natasha (thrice) (D:2)
  Robin (D:2)
  12 gnolls
  4 adders
  2 shadow imps (D:6)
  4 white imps
  A howler monkey simulacrum (D:8)
  3 ufetubi
  A worm (D:2)
  3 dart slugs
  16 orcs
  4 ball pythons
  3 bats
  8 endoplasms
  5 giant cockroaches
  16 goblins
  5 hobgoblins
  2 quokkas (D:1)
  2 frilled lizards
  18 kobolds
  4 rats
173 creatures vanquished.

Vanquished Creatures (others)
  A sleepcap (D:8)
  A shadow imp (D:6)
2 creatures vanquished.

Grand Total: 175 creatures vanquished

Notes
Turn   | Place    | Note
-------+----------+-------------------------------------------
     0 | D:1      | garrulousMonolith the Demonspawn Gladiator began the quest
                  | for the Orb.
     0 | D:1      | Reached XP level 1. HP: 16/16 MP: 1/1
   166 | D:1      | Gained mutation: Spells you cast may paralyse adjacent
                  | enemies. [demonic ancestry]
   166 | D:1      | Reached XP level 2. HP: 20/22 MP: 2/2
   180 | D:1      | Found a faded altar of an unknown god.
   375 | D:1      | Reached skill level 3 in Long Blades
   592 | D:1      | Gained mutation: A meltable shield of frost defends you.
                  | (SH +4) [demonic ancestry]
   592 | D:1      | Reached XP level 3. HP: 28/28 MP: 3/3
   653 | D:2      | Noticed Natasha
   666 | D:2      | Killed Natasha
   853 | D:2      | Gained mutation: A meltable icy envelope protects you from
                  | harm. (AC +4) [demonic ancestry]
   853 | D:2      | Reached XP level 4. HP: 33/34 MP: 4/4
   870 | D:2      | Noticed Natasha
   890 | D:2      | Killed Natasha
   922 | D:2      | Noticed Natasha
  1096 | D:2      | Killed Natasha
  1445 | D:2      | Noticed Robin
  1461 | D:2      | Killed Robin
  1462 | D:2      | Gained mutation: You are partially covered in rugged brown
                  | scales. (AC +1, +3% HP) [demonic ancestry]
  1462 | D:2      | Reached XP level 5. HP: 33/42 MP: 5/5
  2425 | D:4      | Noticed a lemure
  2425 | D:4      | Noticed a lemure
  2461 | D:4      | Killed a lemure
  2469 | D:4      | Killed a lemure
  2560 | D:4      | Noticed a lemure
  2564 | D:4      | Noticed Pikel
  2566 | D:4      | Noticed a lemure
  2587 | D:4      | Killed a lemure
  2593 | D:4      | Killed Pikel
  2594 | D:4      | Reached skill level 4 in Long Blades
  2594 | D:4      | Reached XP level 6. HP: 13/50 MP: 6/6
  2594 | D:4      | Gained mutation: Spells you cast may paralyse nearby
                  | enemies. [demonic ancestry]
  2594 | D:4      | Reached XP level 7. HP: 15/56 MP: 7/7
  3202 | D:5      | Entered Level 5 of the Dungeon
  3382 | D:5      | Reached skill level 5 in Long Blades
  3413 | D:5      | Noticed Edmund
  3426 | D:5      | Killed Edmund
  3427 | D:5      | Reached skill level 1 in Armour
  3427 | D:5      | Gained mutation: You have sharp fingernails. [demonic
                  | ancestry]
  3427 | D:5      | Reached XP level 8. HP: 55/62 MP: 8/8
  3523 | D:5      | Found a runed translucent door.
  3524 | D:5      | Noticed Crazy Yiuf
  3709 | D:5      | Noticed Sigmund
  3723 | D:5      | Killed Sigmund
  3724 | D:5      | Reached skill level 5 in Fighting
  3724 | D:5      | Reached skill level 5 in Dodging
  4455 | D:5      | Killed Crazy Yiuf
  4708 | D:6      | Reached skill level 6 in Long Blades
  4838 | D:6      | Reached skill level 5 in Throwing
  4989 | D:6      | Identified the +2 robe of Januntix {Regen+ Int-4 Archmagi}
  5175 | D:6      | Found a staircase to the Ecumenical Temple.
  5382 | Temple   | Entered the Ecumenical Temple
  5580 | Temple   | Became a worshipper of Qazlal Stormbringer
  5647 | D:7      | Reached XP level 9. HP: 70/70 MP: 9/9
  5670 | D:7      | Reached skill level 1 in Invocations
  6074 | D:7      | Reached skill level 7 in Long Blades
  6330 | D:7      | Reached * piety under Qazlal
  6331 | D:7      | Reached skill level 1 in Shields
  6547 | D:8      | Found a basalt altar of Yredelemnul.
  6575 | D:8      | Paralysed by a hornet for 1 turns
  6649 | D:8      | Noticed a polar bear
  6692 | D:8      | Killed a polar bear
  6717 | D:8      | Reached XP level 10. HP: 66/79 MP: 13/13
  7169 | D:8      | Noticed a death yak
  7181 | D:8      | Reached ** piety under Qazlal
  7188 | D:8      | Slain by a death yak

Illustrated notes

Levels and vault maps discovered:
D:1:      psy_arrival_basics, layout_rooms, basic_ecumenical_altar
D:2:      layout_loops_ring, uniq_natasha, uniq_robin
D:3:      layout_basic
D:4:      layout_loops_ring, uniq_pikel
D:5:      layout_loops_corners, mainiacjoe_overflow_24_doors,
          nicolae_concentric_dashed_squares_mild, uniq_crazy_yiuf_cottage,
          uniq_sigmund, uniq_edmund
D:6:      layout_loops_ring, temple_pool_b, chequers_mini_garden,
          nicolae_zen_rock_garden
D:7:      layout_gridville
D:8:      layout_loops_ring, yredelemnul_altar_generic, serial_ice,
          serial_ice_g, serial_ice_m, serial_ice_n, serial_ice_d
Temple:   bh_familiar_temple

Skill      XL: |  1  2  3  4  5  6  7  8  9 10 |
---------------+-------------------------------+-----
Throwing       | 2 4 5 |  5.1
Long Blades    | 3 4 5 6 7 |  7.9
Dodging        | 3 4 5 6 |  6.4
Fighting       | 3 4 5 6 |  6.6
Armour         | 1 2 4 |  4.2
Invocations    | 4 |  4.3
Shields        | 1 2 |  2.2

Action                     |  1- 3 |  4- 6 |  7- 9 | 10-12 || total
---------------------------+-------+-------+-------+-------++-------
  Melee: Long sword        |    99 |   125 |   270 |       ||   494
         Punch             |       |     2 |     7 |       ||     9
         Scimitar          |       |       |   192 |    52 ||   244
  Throw: Throwing net      |     2 |       |     2 |       ||     4
  Evoke: Wand              |       |     6 |    11 |       ||    17
    Use: Scroll            |     2 |     2 |     3 |       ||     7
         Potion            |       |     2 |     5 |       ||     7
 Armour: Scale mail        |    36 |    74 |   135 |       ||   245
         Steam dragon scal |       |       |   132 |    32 ||   164
  Dodge: Dodged            |    45 |    56 |   352 |    56 ||   509
  Block: Other             |     5 |    16 |    69 |       ||    90
         Kite shield       |       |       |   151 |    79 ||   230
